AoeStats
← tu_mama_en_tanga

Arena

510824467Analyzed
1v1 RM · 23h ago on Oct 2, 2026· 39m 55s· 2 players
Game mode
Random Map
Map size
Tiny (2 player)
Population
200
Speed
Normal
Resources
Standard
Victory
Conquest
Starting age
Dark Age
Ending age
Imperial Age
RankedLock teamsTeams togetherTeam positionsShared explorationLock speedFull tech treeHidden civsTurbo modeCheats
Victory
Defeat
🇦🇷 Turks · Argentina
1014
+18
🇦🇷 Mongols · Argentina
1047
-18
tu_mama_en_tanga
12:30 Feudal Age
16:23 Castle Age
22:04 Imperial Age
20:33 Padded Archer Armor
26:42 Leather Archer Armor
29:41 Horse Collar
29:49 Double-Bit Axe
32:57 Ring Archer Armor
Nordico12
11:46 Feudal Age
13:16 Double-Bit Axe
15:50 Castle Age
13:36 Loom
14:40 Horse Collar
17:53 Bow Saw
18:47 Fletching
29:59 Imperial Age
28:26 Padded Archer Armor
28:09 Elite Skirmisher
31:06 Bodkin Arrow
31:42 Fortified Wall
33:21 Heavy Plow
35:17 Bracer
35:41 Ballistics
38:10 Conscription
Connection lost

Rejoining the realm…

Still unreachable

The connection could not be restored.

Session expired

The server has moved on; the page needs a fresh start.